 Dungeon Crawl Stone Soup version 0.19-a0-1821-g42c593c (webtiles) character file.

11161 JeffiDaFish the Covert (level 11, -4/78 HPs)
             Began as a Vampire Enchanter on Oct 6, 2016.
             Was a Priest of Dithmenos.
             Slain by a killer bee (6 damage)
             ... on level 10 of the Dungeon.
             The game lasted 01:09:55 (14474 turns).

JeffiDaFish the Covert (Vampire Enchanter)         Turns: 14474, Time: 01:09:55

Health: -4/78      AC:  5    Str: 10    XL:     11   Next: 45%
Magic:  19/21      EV: 16    Int: 18    God:    Dithmenos [***...]
Gold:   334        SH:  0    Dex: 15    Spells: 7 memorised, 6 levels left

rFire  + . .     SeeInvis +     e - +1 dagger (drain)
rCold  + . .     Gourm    .     i - +2 robe {rF+}
rNeg   + + .     Faith    .     (no shield)
rPois  +         Spirit   .     (no helmet)
rElec  .         Dismiss  .     (no cloak)
rCorr  +         Reflect  .     r - +0 pair of gloves
MR     +....     Harm     .     (no boots)
Stlth  +++++++++.               (no amulet)
                                (no ring)
                                g - ring of resist corrosion

@: lethally poisoned (-4 -> -7), regenerating slowly, wreathed by umbra
A: fangs 3, see invisible, unbreathing
a: Bat Form, Shadow Step, Renounce Religion


You were on level 10 of the Dungeon.
You worshipped Dithmenos.
Dithmenos was most pleased with you.
You were thirsty.

You visited 2 branches of the dungeon, and saw 11 of its levels.

You collected 482 gold pieces.
You spent 148 gold pieces at shops.

Inventory:

Hand Weapons
 e - a +1 dagger of draining (weapon)
Missiles
 x - 7 curare-tipped needles (quivered)
Armour
 i - a +2 robe of fire resistance (worn)
 r - a +0 pair of gloves (worn)
Jewellery
 g - a ring of resist corrosion (left hand)
Wands
 q - a wand of polymorph (13/24)
 y - a wand of lightning (7/15)
Scrolls
 h - 7 scrolls of remove curse
 j - a scroll of amnesia
 n - 4 scrolls of identify
 o - 2 scrolls of fog
 E - a scroll of magic mapping
 G - a scroll of enchant weapon {unknown}
Potions
 d - 21 potions of blood
 m - 2 potions of flight
 t - a potion of resistance
 v - 2 potions of cancellation
 w - 3 potions of agility
 D - 2 potions of might {unknown}
Books
 c - a book of Maledictions

   Spells                             Type                      Level
   a - Corona                         Hexes                        1
   b - Ensorcelled Hibernation        Hexes/Ice                    2
   c - Confuse                        Hexes                        3
   d - Tukima's Dance                 Hexes                        3
   e - Dazzling Spray                 Conjuration/Hexes            3
 F - the Disquisition on Helpful Weightlessness
   (You found it on level 9 of the Dungeon)

   Spells                             Type                      Level
   a - Repel Missiles                 Charms/Air                   2
   b - Shroud of Golubria             Charms/Translocation         2
   c - Swiftness                      Charms/Air                   2
   d - Spectral Weapon                Hexes/Charms                 3
   e - Deflect Missiles               Charms/Air                   6
 H - a book of Misfortune

   Spells                             Type                      Level
   a - Confusing Touch                Hexes                        1
   b - Confuse                        Hexes                        3
   c - Gell's Gravitas                Hexes/Translocation          3
   d - Petrify                        Transmutation/Earth          4
   e - Metabolic Englaciation         Hexes/Ice                    5
   f - Yara's Violent Unravelling     Hexes/Transmutation          5
Comestibles
 f - 13 royal jellies


   Skills:
 + Level 4.8 Fighting
 + Level 8.7 Short Blades
 + Level 6.9 Dodging
 + Level 14.9 Stealth
 + Level 6.8 Spellcasting
 + Level 0.1 Conjurations
 + Level 10.4 Hexes
 + Level 3.8 Ice Magic


You had 6 spell levels left.
You knew the following spells:

 Your Spells              Type           Power        Failure   Level  Hunger
a - Corona                Hex            #####..      1%          1    None
b - Ensorcelled Hibernat  Hex/Ice        ####..       1%          2    None
c - Confuse               Hex            #####...     1%          3    ##.....
d - Dazzling Spray        Conj/Hex       ####..       4%          3    ##.....
e - Tukima's Dance        Hex            #####...     1%          3    ##.....
f - Swiftness             Chrm/Air       #.......     17%         2    None
g - Gell's Gravitas       Hex/Tloc       ###.......   4%          3    ##.....


Dungeon Overview and Level Annotations

Branches:
Dungeon (10/15)            Temple (1/1) D:4             Orc (0/2) D:9
   Lair: D:8-11

Altars:
Ashenzari
Cheibriados
Dithmenos
Elyvilon
Fedhas
Gozag
Hepliaklqana
Kikubaaqudgha
Makhleb
Nemelex Xobeh
Okawaru
Qazlal
Ru
Sif Muna
Trog
Uskayaw
Vehumet
Xom
Yredelemnul
Zin
The Shining One

Shops:
D:4 [

Annotations:
D:7 exclusion: statue


Innate Abilities, Weirdness & Mutations

You heal slowly.
You have razor-sharp teeth.
You have supernaturally acute eyesight. (SInv)
You can survive without breathing.


Message History

You hit the killer bee. You drain the killer bee!
You kill the killer bee!
Dithmenos accepts your kill.
You feel sick. The killer bee misses you. The killer bee barely misses you.
The killer bee stings you but does no damage.
The killer bee closely misses you.
You hit the killer bee but do no damage.
You drain the killer bee!
The killer bee is moderately wounded.
The killer bee misses you. The killer bee completely misses you.
You barely miss the killer bee.
The killer bee is moderately wounded.
The killer bee misses you. The killer bee closely misses you. x2
You miss the killer bee.
The killer bee is moderately wounded.
You feel sick. The killer bee stings you.
* * * LOW HITPOINT WARNING * * *
You completely miss the killer bee. The killer bee stings you.
You die...

### #.. #.# #?#
♣♣♣ #†# ♣..♣♣
###y###.♣. ♣y♣♣
..yyyyy..♣ ♣♣y@♣
...yyyy♣.♣♣
♣.y♣♣
###.#yyy..♣.
♣y..♣♣♣♣..
#.#♣♣..♣
♣.♣..♣...y..
###.#
.♣...♣.♣...♣..♣#
....#
.......y.♣♣♣.♣#
#####
..♣..♣♣♣.....y♣
...♣. ♣.♣.♣y..♣
..♣.♣≈≈# ..≈.y♣


You could see 5 killer bees.

Vanquished Creatures
  A death yak (D:9)
  The ghost of CanOfBees the Thaumaturge, a journeyman DECj of Vehumet (D:9)
  The ghost of mandarbmax the Basher, a novice OgBe of Trog (D:6)
  2 hill giants
  A manticore (D:9)
  6 polar bears (D:9)
  A troll (D:9)
  A two-headed ogre (D:8)
  Prince Ribbit (D:6)
  6 hippogriffs (D:9)
  Sigmund (D:3)
  2 yaks (D:9)
  A basilisk (D:9)
  Grum (D:9)
  A hungry ghost (D:8)
  Edmund (D:6)
  A sky beast (D:9)
  4 orc warriors (D:9)
  A black bear (D:9)
  3 ice beasts
  2 phantoms
  5 ogres
  4 centaurs
  4 wolves (D:9)
  Blork the orc (D:5)
  3 bullfrogs
  A big kobold (D:9)
  A scorpion (D:9)
  5 killer bees
  3 crimson imps
  A bullfrog zombie (D:4)
  5 hounds
  5 jellies
  2 quasits (D:9)
  A gnoll shaman (D:7)
  9 orc priests
  4 orc wizards
  A centaur skeleton (D:4)
  An iguana (D:10)
  Jessica (D:2)
  Natasha (thrice) (D:2)
  4 worker ants
  3 howler monkey zombies
  16 gnolls
  9 adders
  7 oozes
  An adder skeleton (D:6)
  4 worms
  2 dart slugs
  6 leopard geckos
  37 orcs
  4 bats
  12 goblins
  8 hobgoblins
  12 jackals
  3 quokkas (D:3)
  9 frilled lizards
  A giant cockroach zombie (D:6)
  19 kobolds
  2 leopard gecko skeletons (D:5)
  A leopard gecko zombie (D:7)
  6 rats
265 creatures vanquished.

Notes
Turn   | Place    | Note
-------+----------+-------------------------------------------
     0 | D:1      | JeffiDaFish the Vampire Enchanter began the quest for the Orb.
     0 | D:1      | Reached XP level 1. HP: 13/13 MP: 3/3
   166 | D:1      | Reached XP level 2. HP: 9/19 MP: 5/5
   618 | D:1      | Reached skill level 5 in Stealth
   683 | D:1      | Reached XP level 3. HP: 24/24 MP: 6/6
  1296 | D:2      | Reached skill level 5 in Hexes
  1438 | D:2      | Noticed Natasha
  1456 | D:2      | Killed Natasha
  1456 | D:2      | Reached XP level 4. HP: 14/31 MP: 7/7
  1574 | D:2      | Learned a level 2 spell: Ensorcelled Hibernation
  1578 | D:2      | Learned a level 3 spell: Confuse
  1587 | D:2      | Noticed a fire elemental
  1593 | D:2      | Noticed Jessica
  1615 | D:2      | Found a stormy altar of Qazlal.
  1622 | D:2      | Noticed a water elemental
  1626 | D:2      | Killed Jessica
  1626 | D:2      | Reached skill level 6 in Stealth
  1627 | D:2      | Noticed an air elemental
  1627 | D:2      | Noticed an earth elemental
  1952 | D:2      | Noticed Natasha
  1961 | D:2      | Killed Natasha
  1961 | D:2      | Reached XP level 5. HP: 19/36 MP: 3/8
  2201 | D:2      | Noticed Natasha
  2212 | D:2      | Killed Natasha
  2650 | D:3      | Noticed Sigmund
  2669 | D:3      | Killed Sigmund
  2669 | D:3      | Reached skill level 1 in Fighting
  2669 | D:3      | Reached skill level 7 in Stealth
  2669 | D:3      | Reached XP level 6. HP: 35/43 MP: 5/9
  2850 | D:3      | HP: 2/43 [orc priest/divine providence (12)]
  3174 | D:3      | Reached skill level 1 in Ice Magic
  3969 | D:3      | Reached XP level 7. HP: 45/48 MP: 8/10
  4883 | D:4      | Found a staircase to the Ecumenical Temple.
  4891 | Temple   | Entered the Ecumenical Temple
  5295 | D:4      | Reached skill level 8 in Stealth
  5376 | D:4      | Found Corphyre's Antique Armour Emporium.
  5381 | D:4      | Bought a pair of gloves for 148 gold pieces
  5716 | D:5      | Entered Level 5 of the Dungeon
  5854 | D:5      | Reached XP level 8. HP: 56/56 MP: 12/12
  5877 | D:5      | Reached skill level 5 in Short Blades
  5894 | D:5      | Reached skill level 9 in Stealth
  6106 | D:5      | Found a shadowy altar of Dithmenos.
  6113 | D:5      | Noticed Blork the orc
  6116 | D:5      | Killed Blork the orc
  6133 | D:5      | Became a worshipper of Dithmenos the Shadowed
  6437 | D:5      | Gained mutation: Your spells are a little harder to cast, but a little more powerful. [potion of mutation]
  6437 | D:5      | Gained mutation: Your spells are harder to cast, but more powerful. [potion of mutation]
  6916 | D:6      | Noticed Prince Ribbit
  6918 | D:6      | Noticed Edmund
  6948 | D:6      | Killed Prince Ribbit
  6995 | D:6      | Killed Edmund
  6995 | D:6      | Reached skill level 10 in Stealth
  7053 | D:6      | Noticed mandarbmax's ghost (novice OgBe)
  7078 | D:6      | Killed mandarbmax's ghost
  7078 | D:6      | Reached skill level 5 in Dodging
  7078 | D:6      | Reached XP level 9. HP: 51/63 MP: 10/15
  7215 | D:6      | Found a blossoming altar of Fedhas.
  7218 | D:6      | Found a bloodstained altar of Trog.
  7225 | D:6      | Reached * piety under Dithmenos
  7717 | D:6      | Reached skill level 11 in Stealth
  8385 | D:7      | Found a radiant altar of Vehumet.
  9866 | D:8      | Found an iron altar of Okawaru.
 10161 | D:8      | Reached ** piety under Dithmenos
 10161 | D:8      | Reached skill level 12 in Stealth
 10170 | D:8      | Noticed a hand axe
 10171 | D:8      | Noticed a dagger
 10172 | D:8      | Found a hide-covered altar of Uskayaw.
 10248 | D:8      | Reached XP level 10. HP: 59/71 MP: 10/17
 10455 | D:9      | Noticed Grum
 10516 | D:9      | Found a staircase to the Orcish Mines.
 10696 | D:9      | Noticed CanOfBees's ghost (journeyman DECj)
 10714 | D:9      | Killed CanOfBees's ghost
 10714 | D:9      | Reached skill level 13 in Stealth
 10714 | D:9      | Reached skill level 5 in Spellcasting
 10950 | D:9      | Lost mutation: Your spells are harder to cast, but more powerful. [potion of cure mutation]
 10950 | D:9      | Lost mutation: Your spells are a little harder to cast, but a little more powerful. [potion of cure mutation]
 10964 | D:9      | Learned a level 3 spell: Dazzling Spray
 10968 | D:9      | Learned a level 3 spell: Tukima's Dance
 10982 | D:9      | Found a sparkling altar of Nemelex Xobeh.
 10986 | D:9      | Noticed a hill giant
 11006 | D:9      | Killed Grum
 11287 | D:9      | Identified the Disquisition on Helpful Weightlessness
 11292 | D:9      | Learned a level 2 spell: Swiftness
 11413 | D:9      | Found a huge runed gate.
 11414 | D:9      | Found a huge runed gate.
 11414 | D:9      | Found a huge runed gate.
 11414 | D:9      | Found a huge runed gate.
 11414 | D:9      | Noticed a death yak
 11424 | D:9      | Noticed a manticore
 11483 | D:9      | Killed a hill giant
 11626 | D:9      | Learned a level 3 spell: Gell's Gravitas
 12022 | D:9      | Reached skill level 14 in Stealth
 12671 | D:9      | Reached XP level 11. HP: 66/78 MP: 16/19
 12794 | D:9      | Killed a death yak
 12920 | D:9      | Reached *** piety under Dithmenos
 13630 | D:9      | Reached skill level 10 in Hexes
 14335 | D:10     | Entered Level 10 of the Dungeon
 14335 | D:10     | Noticed a hill giant
 14342 | D:10     | Killed a hill giant
 14473 | D:10     | HP: 2/78 [killer bee (5)]
 14474 | D:10     | Slain by a killer bee

Vault maps used:
D:1:      sevenhm_arrival_forest_fort_small_6, minmay_tromino_v4_a
D:2:      nicolae_qazlal_style_of_elements, uniq_natasha, uniq_jessica
D:3:      first_bread, uniq_sigmund
D:4:      serial_shops, shop, dk_vineyard_2
D:5:      old_standard_altar, uniq_blork_the_orc
D:6:      grunt_temple_overflow_open, minmay_strange_pillars, uniq_edmund,
          uniq_prince_ribbit1
D:7:      vehumet_statue
D:8:      okawaru_ov_weapons_minmay, dancing_weapons_uskayaw,
          hangedman_little_slice_of_home
D:9:      lemuel_bear_cage, nemelex_xobeh_ov_fountains_minmay, david_orc_3,
          uniq_grum
D:10:     wad_woods_minihive, minivault_5, uniq_joseph, uniq_josephine
Temple:   jpeg_temple_clearing

Skill      XL: |  1  2  3  4  5  6  7  8  9 10 11 |
---------------+----------------------------------+-----
Stealth        | 5 6 7 8 10 12 14 | 14.9
Hexes          | 5 6 7 9 10 | 10.4
Short Blades   | 2 3 4 6 8 |  8.7
Dodging        | 3 4 5 6 |  6.9
Fighting       | 1 2 3 4 |  4.8
Ice Magic      | 1 2 3 |  3.8
Spellcasting   | 3 4 5 6 |  6.8
Conjurations   | |  0.1

Action                   |  1- 3 |  4- 6 |  7- 9 | 10-12 || total
-------------------------+-------+-------+-------+-------++-------
Melee: Dagger            |   157 |   178 |   416 |   486 ||  1237
       Bite              |     8 |    16 |    42 |    52 ||   118
 Cast: Ensorcelled Hiber |       |     9 |    14 |    34 ||    57
       Confuse           |       |     6 |    18 |    38 ||    62
       Dazzling Spray    |       |       |       |     2 ||     2
 Abil: End Transformatio |       |       |       |     1 ||     1
       Bat Form          |       |       |       |     1 ||     1
  Use: Scroll            |     8 |     3 |     2 |     5 ||    18
       Potion            |     6 |    16 |    24 |    18 ||    64
 Stab: Sleeping          |     4 |     6 |    30 |    17 ||    57
       Distracted        |     1 |     1 |     2 |       ||     4
       Confused          |       |     2 |    10 |    21 ||    33
Armor: Robe              |    41 |    27 |    40 |    47 ||   155
Dodge: Dodged            |   108 |   101 |   204 |   395 ||   808
